AoeStats
← Elite Viking

Oasis

507967877Analyzed
2v2 RM · 13d ago on Sep 20, 2026· 52m 12s· 4 players
Game mode
Random Map
Map size
Medium (4 player)
Population
200
Speed
Normal
Resources
Standard
Victory
Conquest
Starting age
Dark Age
Ending age
Imperial Age
RankedLock teamsTeams togetherTeam positionsShared explorationLock speedFull tech treeHidden civsTurbo modeCheats
Victory
Defeat
🇧🇪 Persians · Belgium
996
+15
🇨🇭 Spanish · Switzerland
976
+16
🇿🇦 Wu · South Africa
977
-16
🇿🇦 Spanish · South Africa
971
-15
Elite Viking
9:03 Loom
10:48 Feudal Age
11:51 Double-Bit Axe
11:57 Gold Mining
11:50 Horse Collar
17:31 Castle Age
16:20 Scale Mail Armor
17:34 Forging
19:28 Chain Mail Armor
19:34 Bow Saw
21:00 Wheelbarrow
22:10 Heavy Plow
22:31 Squires
22:45 Pikeman
24:57 Town Watch
25:40 Hand Cart
28:34 Fletching
29:04 Caravan
29:54 Red Cliffs Tactics
30:17 Ballistics
30:30 Gold Mining
30:51 Elite Skirmisher
31:45 Bodkin Arrow
32:17 Padded Archer Armor
33:24 Leather Archer Armor
34:34 Town Patrol
36:16 Iron Casting
36:43 Masonry
39:40 Imperial Age
40:37 Bracer
40:00 Elite Fire Archer
40:11 Halberdier
THmasterchief
4:08 Loom
13:26 Feudal Age
14:28 Horse Collar
14:35 Double-Bit Axe
24:10 Castle Age
25:26 Bow Saw
26:26 Heavy Plow
25:55 Pikeman
26:37 Squires
28:37 Caravan
32:48 Stone Mining
33:49 Wheelbarrow
34:05 Fletching
35:39 Bodkin Arrow
36:28 Stone Shaft Mining
36:59 Masonry
37:10 Ballistics
37:05 Fortified Wall
36:49 Guard Tower
42:03 Imperial Age
41:54 Forging
41:44 Scale Mail Armor
Chopfab
6:08 Loom
12:22 Feudal Age
17:06 Castle Age
15:01 Double-Bit Axe
16:06 Stone Mining
27:51 Fletching
29:32 Wheelbarrow
34:05 Imperial Age
32:06 Ballistics
34:10 Hand Cart
34:30 Bodkin Arrow
35:17 Elite Skirmisher
36:03 Thumb Ring
36:04 Bracer
36:24 Thumb Ring
37:18 Capped Ram
40:47 Padded Archer Armor
40:58 Forging
40:31 Cavalier
43:37 Iron Casting
43:18 Leather Archer Armor
44:05 Chemistry
44:36 Siege Ram
45:40 Caravan
50:02 Paladin
51:43 Bow Saw
51:25 Gold Mining
52:11 Stone Shaft Mining
51:17 Horse Collar
S T O R U N G 0
12:27 Feudal Age
16:55 Castle Age
15:30 Double-Bit Axe
17:25 Horse Collar
23:34 Bow Saw
23:23 Loom
23:59 Gold Mining
27:12 Scale Barding Armor
28:41 Wheelbarrow
30:24 Bloodlines
30:26 Stone Mining
31:17 Hand Cart
31:35 Forging
32:19 Chain Barding Armor
32:43 Gold Shaft Mining
32:13 Heavy Plow
32:51 Iron Casting
32:42 Husbandry
36:36 Imperial Age
33:51 Town Watch
35:13 Stone Shaft Mining
35:46 Caravan
36:37 Fletching
37:52 Chemistry
36:16 Cavalier
36:20 Capped Ram
38:36 Plate Barding Armor
39:02 Blast Furnace
38:30 Savar
41:29 Town Patrol
41:24 Siege Ram
46:33 Two-Man Saw
Connection lost

Rejoining the realm…

Still unreachable

The connection could not be restored.

Session expired

The server has moved on; the page needs a fresh start.